 Dungeon Crawl Stone Soup version 0.17-a0-1840-g87820a2 (webtiles) character file.

109 4thArraOfDagon the Chopper (level 4, -10/39 HPs)
             Began as a Centaur Berserker on Sept 16, 2015.
             Was a Follower of Trog.
             Killed by divine providence
             ... invoked by an orc priest
              (12 damage)
             ... on level 3 of the Dungeon.
             The game lasted 00:01:20 (188 turns).

4thArraOfDagon the Chopper (Centaur Berserker)       Turns: 188, Time: 00:01:20

Health: -10/39     AC:  5    Str: 20    XL:     4   Next: 59%
Magic:  4/4        EV:  4    Int:  7    God:    Trog [*.....]
Gold:   24         SH:  0    Dex:  8    Spells: 0 memorised, 3 levels left

rFire  . . .     SeeInvis .     a - +0 hand axe
rCold  . . .     Clarity  .     e - +0 ring mail
rNeg   . . .     SustAt   .     (no shield)
rPois  +         Gourm    .     (no helmet)
rElec  .         Spirit   .     (no cloak)
rCorr  .         Warding  .     (no gloves)
rMut   .         Stasis   .     (no barding)
MR     .....                    (no amulet)
Stlth  ..........               b - ring of poison resistance
                                g - ring of flight

@: exhausted, slowed, not resistant to hostile enchantments, extremely
unstealthy
A: hooves 3, deformed body, speed 2, tough skin 3
a: Burn Spellbooks, Berserk, Renounce Religion, Evoke Flight


You were on level 3 of the Dungeon.
You worshipped Trog.
Trog was aware of your devotion.
You were not hungry.

You visited 1 branch of the dungeon, and saw 4 of its levels.

You collected 24 gold pieces.

Inventory:

Hand weapons
 a - a +0 hand axe (weapon)
Armour
 e - a +0 ring mail (worn)
 h - a troll hide {Purgy}
Jewellery
 b - a ring of poison resistance (right hand)
 g - a ring of flight (left hand)
Scrolls
 d - a scroll of remove curse {unknown}
Comestibles
 c - 2 bread rations
 f - 4 chunks of flesh


   Skills:
 + Level 3.6 Fighting
 * Level 3.6 Axes
 + Level 2.0 Armour
 + Level 2.1 Dodging


You had 3 spell levels left.
You didn't know any spells.

Dungeon Overview and Level Annotations

Branches:
Dungeon (4/15)
 Temple: D:4-7

Altars:


Innate Abilities, Weirdness & Mutations

You have hooves in place of feet.
Armour fits poorly on your strangely shaped body.
You cover ground very quickly.
You have extremely tough skin (AC +3).


Message History

The orc wizard mumbles some strange words.
The orc wizard seems to speed up.
The hobgoblin hits you but does no damage.
Unknown command.
The orc priest invokes the aid of Beogh against you.
Something smites you!
* * * LOW HITPOINT WARNING * * *
Unknown command.
Unknown command.
Unknown command.
Unknown command.
Unknown command.
There is a stone staircase leading up here.
Unknown command.
Unknown command.
The orc hits you with a mace.
* * * LOW HITPOINT WARNING * * *
The orc priest mumbles some strange prayers to Beogh against you.
Something smites you!
You die...

############
#..........#
#..........####
#.............#
#####.........##########
#####.....>............#
.............wg........#
...............o.......#
..............oo@.......
##.........o...........#
###...................#
####....r...........#
.................#
....###.#.........#
....# #.....#.....#
.#... ###...#....## .##.


You could see a worm, an orc priest, an orc wizard, 2 orcs, a quokka and a
hobgoblin.

Vanquished Creatures
  Purgy (D:4)
  A gnoll (D:4)
  2 bats (D:2)
  A kobold (D:2)
  A goblin (D:2)
6 creatures vanquished.

Notes
Turn   | Place    | Note
--------------------------------------------------------------
     0 | D:1      | 4thArraOfDagon the Centaur Berserker began the quest for the Orb.
     0 | D:1      | Reached XP level 1. HP: 19/19 MP: 1/1
   133 | D:4      | Noticed Purgy
   159 | D:4      | Killed Purgy
   159 | D:4      | Reached XP level 2. HP: 19/26 MP: 2/2
   159 | D:4      | Reached XP level 3. HP: 22/31 MP: 3/3
   159 | D:4      | Reached XP level 4. HP: 27/38 MP: 4/4
   164 | D:4      | Noticed a gnoll shaman
   183 | D:3      | Noticed an orc wizard
   184 | D:3      | Noticed an orc priest
   188 | D:3      | Killed from afar by an orc priest

Vault maps used:
D:1:      dpeg_arrival_pits, serial_bayou_pond_e
D:2:      nicolae_ashenzari_panopticon, uniq_natasha, uniq_robin, uniq_terence
D:3:      first_bread, minmay_misc_feat_rows, trog_wizard
D:4:      minivault_27, kennysheep_small_circle, uniq_purgy, uniq_menkaure

Action                   |  1- 3 |  4- 6 || total
-------------------------+-------+-------++-------
Melee: Hand axe          |    19 |     2 ||    21
Invok: Berserk           |     2 |       ||     2
